 Dungeon Crawl Stone Soup version 0.27.1-34-g3ba077fa99 (webtiles) character file.

Game seed: 4971237422789271096

4 cbfl8 the Sneak (level 1, 0/19 HPs)
             Began as a Minotaur Delver on Jan 23, 2022.
             Killed from afar by a dart slug (3 damage)
             ... with a slug dart
             ... on level 4 of the Dungeon.
             The game lasted 00:00:33 (117 turns).

cbfl8 the Sneak (Minotaur Delver)                    Turns: 117, Time: 00:00:33

Health: 0/19       AC:  3    Str: 16    XL:     1   Next: 58%
Magic:  0/0        EV: 11    Int:  7    God:
Gold:   12         SH:  0    Dex: 11    Spells: 0/0 levels left

rFire    . . .     SeeInvis .   a - +0 hand axe
rCold    . . .     Faith    .   (no shield)
rNeg     . . .     Spirit   .   b - +0 leather armour
rPois    .         Reflect  .   (helmet restricted)
rElec    .         Harm     .   (no cloak)
rCorr    .         Rampage  .   (no gloves)
Will     .....                  (no boots)
Stlth    ++........             (no amulet)
HPRegen  0.06/turn              (no ring)
MPRegen  0.07/turn              (no ring)

@: no status effects
A: horns 2, retaliatory headbutt
a: no special abilities


You were on level 4 of the Dungeon.
You visited 1 branch of the dungeon, and saw 2 of its levels.

You collected 12 gold pieces.

Inventory:

Hand Weapons
 a - a +0 hand axe (weapon)
 i - a +0 hand crossbow
Missiles
 j - 9 bolts
Armour
 b - a +0 leather armour (worn)
Jewellery
 h - a +6 ring of strength
Wands
 g - a wand of digging (3)
Scrolls
 c - a scroll of fog
 d - a scroll of magic mapping
 e - a scroll of fear
Potions
 f - a potion of haste
 k - a potion of heal wounds {unknown}


   Skills:
 + Level 3.6 Fighting
 + Level 2.4 Axes
 + Level 2.2 Dodging
 + Level 4.3 Stealth


You couldn't memorise any spells.
You didn't know any spells.
Your spell library was empty.

Dungeon Overview and Level Annotations

Branches:
Dungeon (5/15)
 Temple: D:4-7

Altars:

Annotations:
D:5 Edmund


Innate Abilities, Weirdness & Mutations

You have a pair of horns on your head.
You reflexively headbutt those who attack you in melee.


Message History

The ball python bites you but does no damage.
The ball python constricts you.
You hit the ball python.
You kill the ball python!
You see here a ball python corpse.
Found a black potion.
An endoplasm comes into view.
A ball python comes into view.
The endoplasm quivers.
A dart slug comes into view.
The ball python hisses angrily.
You see here a black potion.
k - a black potion The dart slug launches a dart at you.
The slug dart hits you.
You barely miss the endoplasm. The endoplasm closely misses you.
You barely miss the endoplasm. The endoplasm freezes you.
You are frozen.
You hit the endoplasm but do no damage. You hit the ball python.
You kill the ball python!
The endoplasm freezes you.
You are frozen.
The dart slug launches a dart at you. The slug dart hits you.
* * * LOW HITPOINT WARNING * * *
The endoplasm freezes you.
You are frozen.
* * * LOW HITPOINT WARNING * * *
You slash the endoplasm!
You kill the endoplasm!
The dart slug launches a dart at you. The slug dart misses you.
You start resting.
A dart slug is nearby!
A dart slug is nearby!
An orc comes into view. It is wielding a +0 dagger.
The dart slug launches a dart at you. The slug dart hits you.
You die...

..........# #.....###
...........# #)......##
...........###....)...#
...........>...).....#
.#.......#.†..#.....##
##.....#####.##....###
##....####..##......#
##.....#...#####..###
#...w@.....# ####
#...†#....##
.......###......#
......#.# #..#...
........# #.# ..
...#..### ... # ...##.
o.# .. # .##


You could see a dart slug and an orc (wandering).

Vanquished Creatures
  An endoplasm (D:4)
  A goblin (D:4)
  2 ball pythons (D:4)
  A kobold (D:4)
5 creatures vanquished.

Notes
Turn   | Place    | Note
-------+----------+-------------------------------------------
     0 | D:5      | cbfl8 the Minotaur Delver began the quest for the Orb.
     0 | D:5      | Reached XP level 1. HP: 19/19 MP: 0/0
     1 | D:5      | Noticed Edmund
   117 | D:4      | Killed from afar by a dart slug

Illustrated notes

Levels and vault maps discovered:
D:4:      layout_cave_pools
D:5:      layout_cave_pools, nicolae_qazlal_style_of_elements,
          minmay_temple_entry_ruins, uniq_eustachio, uniq_edmund,
          uniq_prince_ribbit1, uniq_duvessa

Action                   || total
-------------------------++-------
Melee: Hand axe          ||    11
Armor: Leather armour    ||     1
Dodge: Dodged            ||    11
